[Event "Early-Titled-Tuesday-Blitz-January-16-2024"]
[Site "Chess.com"]
[Date "2024.01.16"]
[Round "4"]
[White "ahkashefi2800"]
[Black "NM_Antelacus"]
[Result "1-0"]
[WhiteElo "2554"]
[BlackElo "2149"]
[TimeControl "180+1"]
[EndTime "8:39:14 PST"]
[Termination "ahkashefi2800 won by resignation"]

1. e4 c5 2. Nf3 Nc6 3. d4 cxd4 4. Nxd4 Nf6 5. Nc3 e5 6. Ndb5 d6 7. Bg5 a6 8. Bxf6 gxf6 9. Na3 b5 10. Nd5 Bg7 11.
c4 b4 12. Nc2 a5 13. Bd3 Ne7 14. Nce3 Be6 15. O-O Nxd5 16. exd5 Bd7 17. Bf5 Qc8 18. Qh5 Rg8 19. Qxh7 Kf8 20. Qh3 Bxf5 21. Qxf5 Qd8 22. Qh5 Rh8 23. Qf3 Bh6 24. Nf5 Bg5 25.
g3 Qd7 26. h4 Bh6 27. b3 Re8 28.
Rfe1 Bg7 29. Re4 a4 30. Rae1 Ra8 31. Rg4 Bh6 32. Ree4 axb3 33. axb3 Ra3 34. Kg2 Ke8 35. Nd4 Bd2 36. Qxf6 Rf8 37. Nf5 1-0

[Event "Early-Titled-Tuesday-Blitz-January-16-2024"]
[Site "Chess.com"]
[Date "2024.01.16"]
[Round "4"]
[White "Brahianzevich"]
[Black "Zakaryan_David"]
[Result "1-0"]
[WhiteElo "2429"]
[BlackElo "2659"]
[TimeControl "180+1"]
[EndTime "8:39:14 PST"]
[Termination "Brahianzevich won by resignation"]

1. e4 c5 2. Nf3 e6 3. Nc3 Nc6 4. Be2 Nf6 5. d4 cxd4 6. Nxd4 Qc7 7. O-O a6 8. Be3 Be7 9. f4 d6 10. Kh1 O-O 11. Qe1 Nxd4 12. Bxd4 b5 13. Qg3 Bb7 14.
Bd3 d5 15. exd5 exd5 16. Rae1 Rfe8 17. Qh3 Ne4 18. Nxe4 dxe4 19. Bxe4 Bxe4 20. Rxe4 Qxc2 21. Rfe1 Bf8 22. Rxe8 Rxe8 23. Rxe8 Qb1+ 24. Bg1 1-0

[Event "Early-Titled-Tuesday-Blitz-January-16-2024"]
[Site "Chess.com"]
[Date "2024.01.16"]
[Round "4"]
[White "Zurability"]
[Black "Quattroporte300"]
[Result "1-0"]
[WhiteElo "2723"]
[BlackElo "2467"]
[TimeControl "180+1"]
[EndTime "8:39:15 PST"]
[Termination "Zurability won by resignation"]

1. d4 d5 2. c4 dxc4 3. e3 e5 4. Bxc4 exd4 5. exd4 Nf6 6. Nc3 c6 7. Nf3 Bd6 8. O-O O-O 9. Bg5 h6 10. Bh4 Bf5 11. Ne5 Nbd7 12. Nxf7 Rxf7 13. Qb3 Bg6 14. Qxb7 Ne5 15. dxe5 Nd5 16. Qxf7+ Bxf7 17. Bxd8 Bxe5 18. Ba5 Kf8 19. Nxd5 cxd5 20. Bb4+ Kg8 21. Bd3 Bxb2 22. Rab1 Bf6 23. Rfc1 a5 24. Bd2 1-0

[Event "Early-Titled-Tuesday-Blitz-January-16-2024"]
[Site "Chess.com"]
[Date "2024.01.16"]
[Round "4"]
[White "Genghis_K"]
[Black "Anton_Demchenko"]
[Result "0-1"]
[WhiteElo "2847"]
[BlackElo "2988"]
[TimeControl "180+1"]
[EndTime "8:39:16 PST"]
[Termination "Anton_Demchenko won by resignation"]

1. e4 e5 2. Nf3 Nc6 3. Bb5 a6 4. Ba4 Nge7 5. O-O Ng6 6. c3 d6 7. d4 Bd7 8. Be3 Be7 9. Nbd2 O-O 10. Re1 b5 11. Bb3 exd4 12. cxd4 Na5 13. Bc2 c5 14. d5 Bf6 15. Rb1 Re8 16. b3 Bc3 17. Re2 b4 18. Nf1 Bb5 19. Bd3 c4 20. bxc4 Nxc4 21.
Ng3 Nxe3 22. Rxe3 Nf4 23. Bc2 Qf6 24. Nf5 Bd7 25. N5d4 Bg4 26. h3 Bxh3 27. Rxc3 bxc3 28. gxh3 Qg6+ 29. Kf1 Qg2+ 30. Ke1 Qh1+ 0-1

[Event "Early-Titled-Tuesday-Blitz-January-16-2024"]
[Site "Chess.com"]
[Date "2024.01.16"]
[Round "4"]
[White "JoliyRoger"]
[Black "MasterofMasters2006"]
[Result "1-0"]
[WhiteElo "2473"]
[BlackElo "2229"]
[TimeControl "180+1"]
[EndTime "8:39:16 PST"]
[Termination "JoliyRoger won by resignation"]

1. d4 Nf6 2. c4 e6 3. Nf3 b6 4.
a3 Ba6 5. Qc2 Be7 6. b3 O-O 7. Bb2 d5 8. Nbd2 Nbd7 9. e3 Rc8 10.
Bd3 Re8 11. O-O dxc4 12. bxc4 Bb7 13. e4 c5 14. e5 cxd4 15. exf6 Nxf6 16. Bxd4 b5 17.
c5 a6 18. Rfd1 Nd5 19. Bxh7+ Kh8 20. Be4 f5 21. Bxd5 Qxd5 22. Qb2 Bf8 23. Nf1 Qe4 24. Ng3 Qg4 25. Ne5 Qh4 26. Nf7+ Kg8 27. Nd6 Bxd6 28.
cxd6 Rcd8 29. Bxg7 Rd7 30. Bf6 Qh6 31. Qe5 f4 32. Bg5 Qg6 33. Bxf4 Rg7 1-0

[Event "Early-Titled-Tuesday-Blitz-January-16-2024"]
[Site "Chess.com"]
[Date "2024.01.16"]
[Round "4"]
[White "DAVIDHDZSTS"]
[Black "DvaHrasta"]
[Result "0-1"]
[WhiteElo "1986"]
[BlackElo "2433"]
[TimeControl "180+1"]
[EndTime "8:39:16 PST"]
[Termination "DvaHrasta won by resignation"]

1. d4 Nf6 2. c4 e6 3. Nc3 Bb4 4. a3 Bxc3+ 5. bxc3 O-O 6. f3 c5 7. e4 d5 8. cxd5 exd5 9. e5 Nfd7 10. Bd3 Nc6 11. Ne2 f6 12. e6 Ndb8 13. dxc5 Bxe6 14.
O-O Nd7 15. Be3 Nce5 16. Nf4 Bf7 17. Bc2 Rc8 18. Nxd5 Nxc5 19. Nf4 Qc7 20. Qd4 Rfd8 21. Qb4 Na6 22. Qb5 Qxc3 0-1

[Event "Early-Titled-Tuesday-Blitz-January-16-2024"]
[Site "Chess.com"]
[Date "2024.01.16"]
[Round "4"]
[White "Khromkin"]
[Black "SnekkerAndersen"]
[Result "0-1"]
[WhiteElo "2387"]
[BlackElo "2641"]
[TimeControl "180+1"]
[EndTime "8:39:23 PST"]
[Termination "SnekkerAndersen won on time"]

1. d4 e5 2. dxe5 Nc6 3. Bf4 Qe7 4. Nf3 Qb4+ 5. Bd2 Qxb2 6. Nc3 Bb4 7. Rb1 Qxc3 8. Bxc3 Bxc3+ 9. Nd2 Nxe5 10. Rb3 Ba5 11.
Re3 d6 12. f4 Bb6 13. Re4 f5 14. Rb4 Ng4 15. Rxb6 axb6 16. Nb3 N8f6 17. h3 Ne3 18. Qd2 Nxf1 19. Rxf1 Rxa2 20. Rf3 O-O 21.
Rc3 Be6 22. Rxc7 Bxb3 23. cxb3 Rxd2 0-1

[Event "Early-Titled-Tuesday-Blitz-January-16-2024"]
[Site "Chess.com"]
[Date "2024.01.16"]
[Round "4"]
[White "Willi_Skibbe"]
[Black "JiaHaoxiang"]
[Result "0-1"]
[WhiteElo "2394"]
[BlackElo "2614"]
[TimeControl "180+1"]
[EndTime "8:39:25 PST"]
[Termination "JiaHaoxiang won by resignation"]

1. e4 c5 2. c3 d5 3. exd5 Qxd5 4. d4 Nf6 5. Nf3 e6 6. Na3 Nc6 7. Be2 cxd4 8. Nb5 Qd8 9. Nbxd4 Nxd4 10. Qxd4 Qxd4 11.
Nxd4 Be7 12. Bf3 a6 13. O-O O-O 14. c4 e5 15. Nc2 Bf5 16. Ne3 Bd3 17. Rd1 e4 18. b3 Rfd8 19. Bg4 Nxg4 20. Nxg4 Be2 21. Rxd8+ Rxd8 22. Ne3 Bf6 23. Rb1 Bd3 24. Rb2 Bxb2 25. Bxb2 Bb1 26. a3 Ba2 27. b4 Bxc4 28. h4 Be6 29.
Kh2 Rd2 30. Bd4 Rxf2 31. Kg3 Ra2 32. Bc5 Rxa3 33. Kf4 f5 34. Nc2 Ra2 35. Nd4 Bd7 36. g3 Kf7 37. g4 fxg4 38. Kxe4 g3 39. Kf4 g2 40. Nf3 Bc6 41. Ng5+ Kg6 42. Ne6 Ra1 43. Nf8+ Kf7 44. Nxh7 g1=Q 45. Bxg1 Rxg1 46. Ng5+ Kg6 47.
Nh3 Rb1 0-1

[Event "Early-Titled-Tuesday-Blitz-January-16-2024"]
[Site "Chess.com"]
[Date "2024.01.16"]
[Round "4"]
[White "GMFYHR1"]
[Black "Alenzer"]
[Result "1-0"]
[WhiteElo "2460"]
[BlackElo "2123"]
[TimeControl "180+1"]
[EndTime "8:39:28 PST"]
[Termination "GMFYHR1 won by checkmate"]

1. d4 d5 2. c4 dxc4 3. e3 Nf6 4.
Bxc4 a6 5. Nc3 e6 6. Nf3 b5 7. Bd3 Bb7 8. O-O c5 9. dxc5 Bxc5 10. Qe2 O-O 11. Bc2 Nc6 12. b3 Nb4 13. Bb1 Rc8 14. Bb2 Qe7 15. a3 Nbd5 16. Nxd5 Bxd5 17.
Bc2 Rfd8 18. Rfd1 Ne4 19. b4 Ba7 20. Nd4 Bb8 21. Bxe4 Bxe4 22. Qg4 f5 23. Qh3 Qg5 24. Nxe6 Rxd1+ 25. Rxd1 Qe7 26. Nxg7 Rc2 27. Bd4 Ra2 28. Nh5 Qg5 29. Nf6+ Kf7 30. Qxh7+ Ke6 31. Qd7# 1-0

[Event "Early-Titled-Tuesday-Blitz-January-16-2024"]
[Site "Chess.com"]
[Date "2024.01.16"]
[Round "4"]
[White "KarstenHansch"]
[Black "ylr5000"]
[Result "0-1"]
[WhiteElo "2649"]
[BlackElo "2453"]
[TimeControl "180+1"]
[EndTime "8:39:29 PST"]
[Termination "ylr5000 won by resignation"]

1. e4 c5 2. Nf3 d6 3. Bb5+ Bd7 4.
c4 Nf6 5. Nc3 g6 6. O-O Bg7 7. d4 cxd4 8. Nxd4 O-O 9. Qe2 Nc6 10.
Be3 Rc8 11. Rfd1 Qc7 12. Rac1 Nxd4 13. Bxd4 Rfe8 14. Bxf6 exf6 15. Qd3 Bc6 16. Qxd6 Qa5 17. Bxc6 bxc6 18. h3 h5 19. g3 h4 20. c5 hxg3 21.
fxg3 Re6 22. Qd7 Rb8 23. Nd5 cxd5 24. exd5 Re2 25. c6 Qb6+ 26. Kh1 Qf2 0-1

[Event "Early-Titled-Tuesday-Blitz-January-16-2024"]
[Site "Chess.com"]
[Date "2024.01.16"]
[Round "4"]
[White "ContrVersia"]
[Black "AldokhinIvan"]
[Result "1-0"]
[WhiteElo "2832"]
[BlackElo "2597"]
[TimeControl "180+1"]
[EndTime "8:39:34 PST"]
[Termination "ContrVersia won by resignation"]

1. b3 d5 2. Bb2 Nc6 3. g3 e5 4. Bg2 Nf6 5. e3 Bd6 6. d3 h5 7.
h3 Qe7 8. Ne2 Bd7 9. a3 O-O-O 10.
Nd2 a6 11. b4 Kb8 12. c4 dxc4 13. Nxc4 Na7 14. Qc2 Bc6 15. e4 Bd7 16. d4 exd4 17.
Nxd4 Nc6 18. Nxd6 Nxd4 19. Bxd4 cxd6 20. O-O Rc8 21. Qb2 h4 22. g4 Nxg4 23. hxg4 h3 24. Bf3 Qh4 25. Qe2 Bb5 26. Qe3 h2+ 27. Kh1 Bxf1 28.
Rxf1 Qe7 29. e5 dxe5 30. Qxe5+ Qxe5 31. Bxe5+ Ka8 32. Bxg7 Rh7 33. Be5 Rc2 34. Be4 Re2 35. Bxh7 Rxe5 36. Kxh2 1-0

[Event "Early-Titled-Tuesday-Blitz-January-16-2024"]
[Site "Chess.com"]
[Date "2024.01.16"]
[Round "4"]
[White "Caroexpert"]
[Black "Druid24"]
[Result "1-0"]
[WhiteElo "2558"]
[BlackElo "2697"]
[TimeControl "180+1"]
[EndTime "8:39:35 PST"]
[Termination "Caroexpert won by resignation"]

1. d4 Nf6 2. Nf3 d5 3. Bf4 c5 4. e3 Nc6 5. Nbd2 Qb6 6. dxc5 Qxc5 7. c4 e6 8. Be2 Be7 9. a3 dxc4 10. Nxc4 O-O 11.
b4 Qf5 12. O-O Rd8 13. Qb3 b6 14. b5 Nb8 15. Nd4 Rxd4 16. Bxb8 Rxc4 17. Qxc4 Rxb8 18.
Qc7 Nd7 19. Rad1 g6 20. Rxd7 Bxd7 21. Qxb8+ Kg7 22. Qxa7 e5 23. Rd1 Qc2 24. Qxd7 Qxe2 25. a4 Bc5 26. Qd3 Qa2 27. Qe4 Qb2 28. g3 Bb4 29. Rb1 1-0

[Event "Early-Titled-Tuesday-Blitz-January-16-2024"]
[Site "Chess.com"]
[Date "2024.01.16"]
[Round "4"]
[White "Andrey_Klymchuk"]
[Black "YurasovMat-2012"]
[Result "1-0"]
[WhiteElo "2803"]
[BlackElo "2587"]
[TimeControl "180+1"]
[EndTime "8:39:36 PST"]
[Termination "Andrey_Klymchuk won by resignation"]

1. e4 e5 2. Nf3 Nf6 3. Nxe5 d6 4. Nf3 Nxe4 5. Nc3 Nxc3 6. dxc3 Be7 7. Be3 Nd7 8. Qd2 Nf6 9. O-O-O O-O 10. Bd3 c5 11.
c4 Be6 12. Ng5 Bg4 13. f3 Bh5 14. g4 Bg6 15. h4 d5 16. Bxg6 hxg6 17. cxd5 Bd6 18.
Qd3 Re8 19. Kb1 c4 20. Qd2 Rc8 21. c3 Qc7 22. h5 Rxe3 23. Qxe3 Bf4 24. d6 Qxd6 25.
Rxd6 Bxe3 26. Ne4 Nxe4 27. fxe4 Re8 28. hxg6 fxg6 29. Re1 Rxe4 30. a4 Re7 31. Re2 Kf7 32. a5 b6 33. a6 g5 34. Kc2 Ke8 35. Rc6 b5 36. Rd6 Re5 37. Rd1 1-0

[Event "Early-Titled-Tuesday-Blitz-January-16-2024"]
[Site "Chess.com"]
[Date "2024.01.16"]
[Round "4"]
[White "SHIVACalypso"]
[Black "TregubovP"]
[Result "0-1"]
[WhiteElo "2466"]
[BlackElo "2679"]
[TimeControl "180+1"]
[EndTime "8:39:36 PST"]
[Termination "TregubovP won by resignation"]

1. Nf3 c5 2. c4 Nf6 3. Nc3 Nc6 4. d4 cxd4 5. Nxd4 Qb6 6. e3 e6 7. Be2 Bb4 8. O-O O-O 9. Na4 Qd8 10. a3 Be7 11. b4 d5 12. Bb2 dxc4 13. Bxc4 Bd7 14. Nc5 Bxc5 15. bxc5 Qe7 16. Rc1 Rac8 17. Bb5 Rfd8 18.
Nxc6 Bxc6 19. Qa4 Bxb5 20. Bxf6 Bxa4 21. Bxe7 Rd3 22. Rb1 Bc6 23. a4 Ra3 24. Ra1 Rxa4 25. Rxa4 Bxa4 26. Ra1 b5 27. Kf1 f6 28. Ke2 Kf7 29. Bd6 Ke8 30. Kd2 Kd7 31. Kc3 a5 32. Rd1 Kc6 33. Be7 Bxd1 0-1

[Event "Early-Titled-Tuesday-Blitz-January-16-2024"]
[Site "Chess.com"]
[Date "2024.01.16"]
[Round "4"]
[White "UNSTOPPABLE_LEGEND"]
[Black "AlexandraSamaganova"]
[Result "1-0"]
[WhiteElo "2515"]
[BlackElo "2313"]
[TimeControl "180+1"]
[EndTime "8:39:36 PST"]
[Termination "UNSTOPPABLE_LEGEND won on time"]

1. e4 c5 2. Nf3 e6 3. d4 cxd4 4. Nxd4 a6 5. Nc3 Qc7 6. Bd3 Bc5 7. Nb3 Be7 8. Qe2 Nc6 9. O-O Nf6 10. f4 d6 11. g4 Nb4 12. g5 Nd7 13. Be3 Nc5 14.
Nxc5 dxc5 15. f5 Bd7 16. f6 gxf6 17. gxf6 Bd6 18. a3 Nxd3 19. cxd3 Rg8+ 20. Kh1 Bc6 21. d4 cxd4 22. Bxd4 O-O-O 23. Rac1 Kb8 24. Qf2 Qd7 25. Ba7+ Ka8 26. Bb6 Rc8 27. Rcd1 Bxe4+ 28. Nxe4 Qc6 29. Qf3 Be5 30. Bd4 Bb8 31. Nc3 Qc7 32. Rd2 e5 33.
Be3 Rg6 34. Ne4 Rcg8 35. Rdf2 Qc6 36. h3 1-0

[Event "Early-Titled-Tuesday-Blitz-January-16-2024"]
[Site "Chess.com"]
[Date "2024.01.16"]
[Round "4"]
[White "Ural_bogatyr"]
[Black "kidagent"]
[Result "0-1"]
[WhiteElo "2549"]
[BlackElo "2277"]
[TimeControl "180+1"]
[EndTime "8:39:40 PST"]
[Termination "kidagent won by checkmate"]

1. d4 d5 2. Nc3 Nf6 3. Bf4 c6 4.
e3 e6 5. Nf3 Bd6 6. Ne5 O-O 7.
h4 Ne8 8. h5 f6 9. Nd3 Bxf4 10.
Nxf4 e5 11. Nd3 Nd7 12. Be2 Nd6 13. Bg4 Qe7 14. Qe2 f5 15. Bh3 e4 16. Nf4 Nf6 17. O-O-O b5 18. Rdg1 b4 19. Na4 Ng4 20. Nc5 a5 21. f3 exf3 22. gxf3 Nxe3 23. Re1 Re8 24. Rhg1 Ra7 25. Qf2 Ndc4 26. b3 Na3 27. Nfe6 f4 28. Rxg7+ Qxg7 29. Nxg7 Rxg7 30. Bxc8 Rxc8 31. Qh4 Rg2 32.
Rxe3 fxe3 33. Qf6 Rg1+ 34. Kb2 Rb1# 0-1

[Event "Early-Titled-Tuesday-Blitz-January-16-2024"]
[Site "Chess.com"]
[Date "2024.01.16"]
[Round "4"]
[White "eCztery"]
[Black "PawnEatingZombie"]
[Result "1-0"]
[WhiteElo "2461"]
[BlackElo "2138"]
[TimeControl "180+1"]
[EndTime "8:39:40 PST"]
[Termination "eCztery won by resignation"]

1. e4 e6 2. d4 d5 3. exd5 exd5 4.
Nf3 Nf6 5. Bd3 c5 6. O-O cxd4 7. Nxd4 Be7 8. Nf5 Bxf5 9. Bxf5 Nc6 10. Bg5 O-O 11.
Nc3 d4 12. Ne2 h6 13. Bh4 Qd5 14. Ng3 Rfe8 15. Re1 g5 16. Bxg5 hxg5 17. Qd2 Bf8 18. Qxg5+ Bg7 19. Nh5 Nxh5 20. Bh7+ Kxh7 21. Qxd5 Nf6 22.
Qxf7 Rxe1+ 23. Rxe1 d3 24. cxd3 Nd4 25. Re3 Rc8 26. Rh3+ 1-0

[Event "Early-Titled-Tuesday-Blitz-January-16-2024"]
[Site "Chess.com"]
[Date "2024.01.16"]
[Round "4"]
[White "Sanan_Sjugirov"]
[Black "Let_it_be_1"]
[Result "1-0"]
[WhiteElo "2959"]
[BlackElo "2613"]
[TimeControl "180+1"]
[EndTime "8:39:42 PST"]
[Termination "Sanan_Sjugirov won by resignation"]

1. e4 e6 2. d4 d5 3. Nc3 Nf6 4. e5 Ne4 5. Nxe4 dxe4 6. Bc4 a6 7. a4 b6 8. Ne2 Bb7 9. Be3 c5 10. dxc5 Qc7 11. b4 bxc5 12. b5 Nd7 13. bxa6 Bxa6 14.
Bxa6 Rxa6 15. O-O Qxe5 16. Bf4 Qf5 17. Rb1 e5 18. Be3 Be7 19. Ng3 Qe6 20. Nxe4 Rxa4 21. Nc3 Rb4 22. Nd5 O-O 23. Nxb4 cxb4 24. Qd2 Nf6 25. Qd3 Rd8 26. Qb3 Qc6 27. Rfd1 Rc8 28. Ra1 Qxc2 29. Qxc2 Rxc2 30. Ra8+ 1-0

[Event "Early-Titled-Tuesday-Blitz-January-16-2024"]
[Site "Chess.com"]
[Date "2024.01.16"]
[Round "4"]
[White "Perecke"]
[Black "Shivananda1964"]
[Result "1-0"]
[WhiteElo "2563"]
[BlackElo "2360"]
[TimeControl "180+1"]
[EndTime "8:39:50 PST"]
[Termination "Perecke won on time"]

1. e4 Nc6 2. Nf3 e5 3. Bb5 a6 4. Ba4 Nf6 5. O-O Be7 6. Re1 d6 7. c3 Bg4 8. h3 Bh5 9. d4 b5 10. Bb3 Na5 11. dxe5 dxe5 12. Qxd8+ Rxd8 13. Nxe5 Nxe4 14. Bc2 Nd6 15. b4 Nac4 16. Nc6 Rd7 17. Nd2 Nb6 18. Ne4 Nbc8 19. Nc5 Bg6 20. Bxg6 hxg6 21.
Nxd7 Kxd7 22. Ne5+ Ke8 23. Be3 Nf5 24. Bc5 Bxc5 25.
Nxg6+ Kd7 26. Nxh8 1-0

[Event "Early-Titled-Tuesday-Blitz-January-16-2024"]
[Site "Chess.com"]
[Date "2024.01.16"]
[Round "4"]
[White "SaraBlackPanther"]
[Black "tactic"]
[Result "1-0"]
[WhiteElo "2730"]
[BlackElo "2548"]
[TimeControl "180+1"]
[EndTime "8:39:51 PST"]
[Termination "SaraBlackPanther won by resignation"]

1. d4 Nf6 2. c4 e6 3. Nf3 d5 4.
Nc3 a6 5. c5 Nc6 6. Bf4 Nh5 7.
Bg5 Be7 8. Bxe7 Qxe7 9. e3 O-O 10. Be2 Nf6 11. O-O Rd8 12. Rc1 Bd7 13. a3 b6 14.
cxb6 cxb6 15. b4 a5 16. b5 Na7 17. Qb3 Ne8 18. Na4 Rab8 19. Ne5 Nd6 20. Rc7 Nac8 21.
Nc6 Bxc6 22. Rxe7 Bd7 23. Rxd7 Rxd7 24. Rc1 f5 25. Nb2 Ne7 26. Nd3 Nc4 27. Ne5 Nxe5 28.
dxe5 g5 29. a4 Ng6 30. Rc6 Kf7 31. Bh5 Rbd8 32. Bxg6+ hxg6 33. g3 Re8 34. Rxb6 d4 35. exd4 Rxd4 36. Rd6 Re4 37. b6 Rxe5 38. b7 Ke7 39.
b8=Q Rxb8 40. Qxb8 Re1+ 41. Kg2 Rb1 42. Qd8+ 1-0

[Event "Early-Titled-Tuesday-Blitz-January-16-2024"]
[Site "Chess.com"]
[Date "2024.01.16"]
[Round "4"]
[White "stollenmonster"]
[Black "blitzking1729"]
[Result "1-0"]
[WhiteElo "2907"]
[BlackElo "2679"]
[TimeControl "180+1"]
[EndTime "8:39:52 PST"]
[Termination "stollenmonster won by resignation"]

1. e4 c5 2. Nf3 e6 3. Be2 a6 4. c4 Nc6 5. Nc3 Qc7 6. d4 cxd4 7. Nxd4 Nf6 8. O-O h5 9. h3 Bc5 10. Be3 d6 11. Rc1 Bd7 12. Qd2 Bxd4 13. Bxd4 Nxd4 14. Qxd4 e5 15. Qd2 Bc6 16. Qg5 O-O 17. f4 Nxe4 18.
Nxe4 Bxe4 19. c5 dxc5 20. f5 Rfd8 21. Bc4 Kf8 22. f6 Bg6 23. fxg7+ Kxg7 24. Rxf7+ Qxf7 25. Bxf7 1-0

[Event "Early-Titled-Tuesday-Blitz-January-16-2024"]
[Site "Chess.com"]
[Date "2024.01.16"]
[Round "4"]
[White "leschebaza"]
[Black "CFN_Good_Evening"]
[Result "0-1"]
[WhiteElo "2413"]
[BlackElo "1880"]
[TimeControl "180+1"]
[EndTime "8:39:52 PST"]
[Termination "CFN_Good_Evening won by resignation"]

1. b3 Nf6 2. Bb2 g6 3. e4 Bg7 4. f4 d6 5. Nf3 O-O 6. d3 Nc6 7. Nbd2 a5 8. a3 Re8 9. Be2 e5 10.
fxe5 dxe5 11. O-O Nh5 12. Nc4 b5 13. Ne3 Nf4 14. g3 Nh3+ 15. Kg2 Ng5 16. Nd5 Bh3+ 17.
Kg1 Bxf1 18. Qxf1 Nxf3+ 19. Qxf3 Nd4 20. Bxd4 exd4 21. Rf1 Rf8 22. h4 c6 23. Nf4 Qd6 24. h5 g5 25. Nh3 h6 26. Nf2 Qxa3 27. Ng4 Qd6 28. Kg2 a4 29. bxa4 bxa4 30. Qf5 a3 31. e5 Qe6 32. Qe4 a2 33. Nf6+ Bxf6 34. Rxf6 Qd5 0-1

[Event "Early-Titled-Tuesday-Blitz-January-16-2024"]
[Site "Chess.com"]
[Date "2024.01.16"]
[Round "4"]
[White "GothamChess"]
[Black "Herzog2012"]
[Result "1-0"]
[WhiteElo "2717"]
[BlackElo "2544"]
[TimeControl "180+1"]
[EndTime "8:39:53 PST"]
[Termination "GothamChess won by resignation"]

1. d4 Nf6 2. Bg5 e6 3. Nd2 h6 4. Bh4 c5 5. e4 cxd4 6. e5 g5 7.
Bg3 Nd5 8. h4 Bg7 9. hxg5 hxg5 10. Rxh8+ Bxh8 11. Qh5 Bg7 12. Nc4 Qe7 13. Nd6+ Kd8 14.
Nf3 Nc6 15. O-O-O Kc7 16. Bb5 a6 17. Bxc6 dxc6 18. Rxd4 Nf4 19. Bxf4 gxf4 20. Qh7 f5 21. Qxg7 Qxg7 22. Ne8+ Kb6 23. Nxg7 c5 24. Rd8 Kc7 25. Nxe6+ Kb6 26. Nxf4 Kc7 27. Ne6+ Kb6 28. c4 a5 29. a4 Ka7 30. Nxc5 b6 31. Nd3 1-0

[Event "Early-Titled-Tuesday-Blitz-January-16-2024"]
[Site "Chess.com"]
[Date "2024.01.16"]
[Round "4"]
[White "GMJustin"]
[Black "UnTucopalaTimba"]
[Result "1-0"]
[WhiteElo "2320"]
[BlackElo "2011"]
[TimeControl "180+1"]
[EndTime "8:39:53 PST"]
[Termination "GMJustin won by resignation"]

1. d4 Nf6 2. c4 e6 3. Nf3 d5 4.
Nc3 Bb4 5. Qa4+ Nc6 6. Bg5 dxc4 7. e4 Bd7 8. Qd1 h6 9. Bxf6 Qxf6 10. Bxc4 O-O 11.
O-O Bxc3 12. e5 Qg6 13. bxc3 Na5 14. Bd3 f5 15. exf6 Qxf6 16. Ne5 Be8 17. Qg4 c5 18. Rae1 cxd4 19. cxd4 Rd8 20. Re3 b6 21. Rf3 Qe7 22.
Qe4 1-0

[Event "Early-Titled-Tuesday-Blitz-January-16-2024"]
[Site "Chess.com"]
[Date "2024.01.16"]
[Round "4"]
[White "MdChess1734"]
[Black "lefonghua"]
[Result "0-1"]
[WhiteElo "2404"]
[BlackElo "2651"]
[TimeControl "180+1"]
[EndTime "8:39:56 PST"]
[Termination "lefonghua won on time"]

1. e4 c5 2. Nf3 g6 3. d4 cxd4 4. Nxd4 Bg7 5. Nc3 Nc6 6. Be3 Nf6 7. Bc4 Qa5 8. O-O O-O 9. Bb3 d6 10. h3 Bd7 11. f4 Nxd4 12. Bxd4 Bc6 13. Qd3 Nd7 14.
Bxg7 Kxg7 15. Rae1 Qc5+ 16. Kh1 Rad8 17. Nd5 e6 18.
Nc3 Nf6 19. f5 Qe5 20. Kg1 b5 21. a3 a5 22. Re3 b4 23. axb4 axb4 24. Ba4 Ba8 25.
Nb5 Bxe4 26. Qe2 exf5 27. c4 bxc3 28. bxc3 Qc5 29. Nd4 Nd5 0-1

[Event "Early-Titled-Tuesday-Blitz-January-16-2024"]
[Site "Chess.com"]
[Date "2024.01.16"]
[Round "4"]
[White "Veganator13"]
[Black "Allion2017"]
[Result "0-1"]
[WhiteElo "2290"]
[BlackElo "2032"]
[TimeControl "180+1"]
[EndTime "8:39:57 PST"]
[Termination "Allion2017 won by resignation"]

1. c4 Nf6 2. g3 e6 3. Bg2 d5 4.
Nf3 Be7 5. O-O O-O 6. b3 b6 7. Bb2 Bb7 8. e3 c5 9. Nc3 Nbd7 10. Qe2 a6 11. d3 Re8 12. Rad1 Qc7 13. Ne1 Rad8 14. f4 Nb8 15. g4 d4 16. Ne4 Nxe4 17. dxe4 Nc6 18. e5 dxe3 19. Nf3 Rxd1 20. Rxd1 Rd8 21. Rxd8+ Qxd8 22. Qxe3 Qd1+ 23. Kf2 Nd4 24. Nxd4 Bxg2 25. Kxg2 Qxg4+ 26. Qg3 Qxg3+ 27. Kxg3 cxd4 28. Bxd4 Bd8 29. Kf3 Kf8 30. Ke4 Ke7 31. Bf2 f6 32. a4 Kd7 33. b4 Kc6 34. b5+ axb5 35. axb5+ Kd7 36. c5 bxc5 37. Bxc5 f5+ 38. Kd3 h6 39. Be3 g5 40. Kc4 Kc7 41. Kc5 Be7+ 42. Kc4 gxf4 43.
Bxf4 Bg5 44. Bg3 Kb6 45. Bf2+ Kb7 46. Bc5 Bf4 47. Bd4 Bxh2 48. Kd3 Bf4 49. Ke2 h5 50. Kf3 Bg5 51. Kg3 Bd8 52. Kh3 Bb6 53. Bc3 Bc5 54. Kh4 Kb6 55. Kxh5 Kxb5 56. Kg6 Kc6 57. Kf6 Kd5 58.
Bb2 f4 59. Bc3 f3 0-1

[Event "Early-Titled-Tuesday-Blitz-January-16-2024"]
[Site "Chess.com"]
[Date "2024.01.16"]
[Round "4"]
[White "Nasrin_Babayeva"]
[Black "toninhojit"]
[Result "1-0"]
[WhiteElo "1861"]
[BlackElo "2393"]
[TimeControl "180+1"]
[EndTime "8:40:00 PST"]
[Termination "Nasrin_Babayeva won by resignation"]

1. e4 g6 2. d3 Bg7 3. Nd2 c5 4. c3 Nc6 5. f4 d6 6. Be2 e6 7. Ngf3 Nge7 8. O-O O-O 9. Qe1 Rb8 10.
Qh4 b5 11. a3 a5 12. Rb1 b4 13. axb4 axb4 14. Ng5 h6 15. Ngf3 bxc3 16. bxc3 Rxb1 17.
Nxb1 Ba6 18. Be3 f5 19. Re1 fxe4 20. dxe4 Bxe2 21. Rxe2 Qa5 22. f5 Qb5 23. Re1 exf5 24. Bxh6 Bxh6 25. Qxh6 Rf7 26. exf5 gxf5 27. Ng5 Rg7 28.
Ne6 Rg6 29. Qf8+ Kh7 30. h4 Qc4 31. Ng5+ Rxg5 32. hxg5 Ng6 33. Qh6+ 1-0

[Event "Early-Titled-Tuesday-Blitz-January-16-2024"]
[Site "Chess.com"]
[Date "2024.01.16"]
[Round "4"]
[White "jk13"]
[Black "Balla_Tamas"]
[Result "1-0"]
[WhiteElo "2673"]
[BlackElo "2463"]
[TimeControl "180+1"]
[EndTime "8:40:02 PST"]
[Termination "jk13 won by resignation"]

1. e4 c5 2. c3 Nf6 3. e5 Nd5 4. Bc4 e6 5. Nf3 Nc6 6. d4 cxd4 7. cxd4 d6 8. O-O Be7 9. Bd2 O-O 10. Nc3 dxe5 11. dxe5 Nxc3 12. Bxc3 b6 13. Qe2 Bb7 14. a3 Qc7 15. Rac1 Rac8 16. Bd3 Rfd8 17. Rfd1 Nd4 18. Nxd4 Rxd4 19. Bxh7+ Kxh7 20. Rxd4 Qc6 21. Qh5+ Kg8 22. Rg4 g6 23. Qh6 Qd5 24. h4 Bf8 25. Qg5 Kh7 26. h5 Qd3 27. hxg6+ fxg6 28. Rh4+ Kg8 29. Qf6 Bg7 30.
Qxe6+ Kf8 31. Rf4+ 1-0

[Event "Early-Titled-Tuesday-Blitz-January-16-2024"]
[Site "Chess.com"]
[Date "2024.01.16"]
[Round "4"]
[White "ChainedDowntohell"]
[Black "laiciffOneslraCsungaM"]
[Result "0-1"]
[WhiteElo "2548"]
[BlackElo "2382"]
[TimeControl "180+1"]
[EndTime "8:40:03 PST"]
[Termination "laiciffOneslraCsungaM won by resignation"]

1. d4 Nf6 2. c4 c5 3. d5 e6 4. Nc3 exd5 5. cxd5 d6 6. e4 g6 7. f4 Bg7 8. Bb5+ Nfd7 9. Bd3 O-O 10. Nf3 Nf6 11. O-O Bg4 12. Qe1 Re8 13. Qg3 Bxf3 14. Rxf3 c4 15. Bc2 Nbd7 16. f5 b5 17. Qxd6 Bf8 18. Qf4 b4 19. Ne2 Nxd5 20. exd5 Rxe2 21. fxg6 fxg6 22. Bxg6 Qb6+ 23. Be3 Qxg6 24. Rg3 Rxe3 25.
Rxg6+ hxg6 26. Rf1 Bc5 27. Qf7+ Kh8 28. Kh1 Rf8 0-1